 Dungeon Crawl Stone Soup version 0.30-a0-4-ga7cffc901d (webtiles) character file.

Game seed: 7232630740461246003

65 BritishOli the Trooper (level 3, -4/24 (29) HPs)
             Began as a Demonspawn Fighter on Aug 21, 2022.
             Slain by a goblin
             ... wielding a +0 club
             ... led by Robin
              (6 damage)
             ... on level 2 of the Dungeon.
             The game lasted 00:01:03 (1667 turns).

BritishOli the Trooper (Demonspawn Fighter)         Turns: 1667, Time: 00:01:04

HP:   -4/24 (29)    AC:  6    Str: 18    XL:     3   Next: 94%
MP:   3/3           EV:  9    Int:  9    God:
Gold: 42            SH:  4    Dex: 12    Spells: 2/2 levels left

rFire   . . .      SeeInvis .    a - +0 long sword
rCold   . . .      Faith    .    c - +0 buckler
rNeg    . . .      Spirit   .    b - +0 scale mail
rPois   .          Reflect  .    (helmet restricted)
rElec   .          Harm     .    (no cloak)
rCorr   .          Rampage  .    (no gloves)
Will    .....                    (no boots)
Stlth   ..........               (no amulet)
HPRegen 0.08/turn                (no ring)
MPRegen 0.08/turn                (no ring)

@: heavily drained
A: horns 1, ignite blood 1
a: no special abilities


You were on level 2 of the Dungeon.
You visited 1 branch of the dungeon, and saw 2 of its levels.

You collected 42 gold pieces.

Inventory:

Hand Weapons
 a - a +0 long sword (weapon)
Armour
 b - a +0 scale mail (worn)
 c - a +0 buckler (worn)
Scrolls
 e - a scroll of identify {unknown}
 f - a scroll of teleportation {unknown}
 h - 2 scrolls of amnesia {unknown}
 k - a scroll of noise {unknown}
 m - 3 scrolls of fear {unknown}
Potions
 d - a potion of might
 g - 2 potions of attraction {unknown}
 i - 2 potions of curing {unknown}
 j - a potion of flight {unknown}
 l - 2 potions of haste {unknown}
 n - a potion of heal wounds {unknown}


   Skills:
 + Level 3.5 Fighting
 + Level 2.4 Long Blades
 + Level 3.2 Armour
 + Level 3.1 Shields


You had 2 spell levels left.
You didn't know any spells.
Your spell library contained the following spells:

 Spells                   Type           Power      Damage    Failure   Level
 Slow                     Hex            0%         N/A       86%         1
 Confusing Touch          Hex            0%         N/A       99%         3
 Vampiric Draining        Necr           0%         2d6       99%         3


Dungeon Overview and Level Annotations

Branches:
Dungeon (2/15)

Altars:

Shops:
D:2 (

Annotations:
D:2 Robin


Innate Abilities, Weirdness & Mutations

You have a pair of small horns on your head.
Your demonic aura sometimes causes spilled blood to erupt in flames.


Message History

You hit the hobgoblin. Your headbutt misses the hobgoblin.
The hobgoblin is almost dead.
Robin roars a battlecry!
The goblins go into a battle-frenzy!
The goblin closely misses you. The hobgoblin barely misses you.
Unknown command.
You barely miss the hobgoblin.
The hobgoblin is almost dead.
The goblin hits you with a +2 dagger of draining.
You feel drained. You block the hobgoblin's attack.
The goblin hits you but does no damage.
You feel drained. The hobgoblin hits you.
Unknown command.
You barely miss the hobgoblin.
The hobgoblin is almost dead.
The goblin hits you with a +2 dagger of draining.
You feel drained. The hobgoblin hits you.
* * * LOW HITPOINT WARNING * * *
Unknown command.
You are too injured to fight recklessly!
Unknown command.
You are too injured to fight recklessly!
Unknown command.
You are too injured to fight recklessly!
You slash the hobgoblin!
You kill the hobgoblin!
The goblin closely misses you.
You hit the goblin. You headbutt the goblin.
You kill the goblin!
The goblin closely misses you. You block the goblin's attack.
You completely miss the goblin. Your headbutt misses the goblin.
The goblin hits you with a +0 club.
* * * LOW HITPOINT WARNING * * *
You closely miss the goblin. Your headbutt misses the goblin.
The goblin barely misses you.
Unknown command.
You slash the goblin!
You kill the goblin!
The goblin hits you with a +0 club.
You die...

#.##..#.#
#.....#
#.##.##.#
#.....#
#.##.##.#
#######
#.......#
####.####
#.# #.# .
#.#####ggg.
#.)@gggg#
#######.g..
#


You could see Robin, 2 hobgoblins and 5 goblins.

Vanquished Creatures
  An adder (D:2)
  2 worms (D:2)
  A dart slug (D:2)
  8 bats
  2 endoplasms
  3 giant cockroaches (D:1)
  9 goblins
  3 hobgoblins (D:2)
  5 kobolds
  A quokka (D:1)
  6 ball pythons
  2 frilled lizards (D:1)
  2 rats (D:1)
45 creatures vanquished.

Notes
Turn   | Place    | Note
-------+----------+-------------------------------------------
     0 | D:1      | BritishOli the Demonspawn Fighter began the quest for the
                  | Orb.
     0 | D:1      | Reached XP level 1. HP: 18/18 MP: 1/1
    97 | D:1      | Found a faded altar of an unknown god.
   157 | D:1      | Gained mutation: You have a pair of small horns on your
                  | head. [demonic ancestry]
   157 | D:1      | Reached XP level 2. HP: 24/24 MP: 2/2
  1052 | D:2      | Gained mutation: Your demonic aura sometimes causes spilled
                  | blood to erupt in flames. [demonic ancestry]
  1052 | D:2      | Reached XP level 3. HP: 29/29 MP: 3/3
  1120 | D:2      | Found Yheca's Weapon Shop.
  1650 | D:2      | Noticed Robin
  1667 | D:2      | Slain by a goblin

Illustrated notes

Levels and vault maps discovered:
D:1:      roderic_octagonal_star, layout_loops_ring,
          ebering_ecumenical_altar_mist
D:2:      layout_loops_cross, serial_shops, shop_statue, uniq_robin

Skill      XL: |  1  2 |
---------------+-------+-----
Long Blades    | 2 |  2.4
Armour         | 3 |  3.2
Shields        | 3 |  3.1
Fighting       | |  3.5

Action                   || total
-------------------------++-------
Melee: Long sword        ||   114
       Headbutt          ||    16
Armor: Scale mail        ||    61
Dodge: Dodged            ||    69
Block: Buckler           ||    31

Table legend: (Time is in decaauts)
 A = Elapsed time spent in this place.
 B = Non-inter-level travel time spent in this place.
 C = Inter-level travel time spent in this place.
 D = Time resting spent in this place.
 E = Time spent auto-exploring this place.
 F = Levels seen in this place.
 G = Mean time per level.
                   A        B        C        D        E       F      G
               +--------+--------+--------+--------+--------+-----+--------+
         Total |   1705 |   1693 |     12 |    245 |   1183 |   2 |  852.5 |
       Dungeon |   1705 |   1693 |     12 |    245 |   1183 |   2 |  852.5 |
               +--------+--------+--------+--------+--------+-----+--------+

Top non-repeatable levels by time:
     D:1: 1066 daAuts
     D:2: 638 daAuts
